 Dungeon Crawl Stone Soup version 0.15-a0-2246-gfd41422 (webtiles) character file.

1689 PolkaDot the Jinx (level 8, -1/52 HPs)
             Began as a Vampire Enchanter on July 26, 2014.
             Was an Initiate of Kikubaaqudgha.
             Slain by an orc
             ... wielding a +0 trident
              (7 damage)
             ... in a bailey.
             The game lasted 00:25:38 (6474 turns).

PolkaDot the Jinx (Vampire Enchanter)               Turns: 6474, Time: 00:25:39

HP  -1/52        AC  3     Str  7      XL: 8   Next: 71%
MP   9/13        EV 12     Int 19      God: Kikubaaqudgha [......]
Gold 341         SH  0     Dex 14      Spells:  4 memorised,  1 level left

rFire  . . .     SeeInvis +     d - +1 dagger (venom) (curse)
rCold  + + .     Clarity  .     b - +1 robe (curse)
rNeg   + + +     rCorr    .     (no shield)
rPois  +         rRot     +     (no helmet)
rElec  .         Spirit   .     (no cloak)
SustAb .         Warding  .     (no gloves)
rMut   .         Stasis   .     (no boots)
Gourm  .                        (no amulet)
MR     .....                    (no ring)
                                (no ring)

@: bloodless, non-regenerating, not resistant to hostile enchantments, very
stealthy
A: bottle blood, fangs 3, see invisible, unbreathing
a: Bat Form, Bottle Blood, Renounce Religion


You were in a bailey.
You worshipped Kikubaaqudgha.
Kikubaaqudgha was noncommittal.
You were bloodless.

You visited 2 branches of the dungeon, and saw 8 of its levels.
You also visited: Ossuary and Bailey.

You collected 341 gold pieces.

Inventory:

Hand weapons
 d - a cursed +1 dagger of venom (weapon)
Armour
 b - a cursed +1 robe (worn)
Scrolls
 f - 5 scrolls of teleportation
 i - a scroll of remove curse
 k - a scroll of immolation {unknown}
 n - a scroll of magic mapping
 r - a scroll of blinking
Potions
 a - 2 potions of brilliance
 e - a potion of flight
 g - a potion of haste
 h - a potion of mutation {unknown}
 j - a potion of resistance {unknown}
 l - 2 potions of heal wounds
 m - a potion of agility
 o - a potion of curing
 p - a potion of poison {unknown}
 q - 2 potions of berserk rage {unknown}
Books
 c - a book of Maledictions

   Spells                             Type                      Level
   *Corona                            Hexes                        1
   Sure Blade                         Hexes/Charms                 2
   *Ensorcelled Hibernation           Hexes/Ice                    2
   *Confuse                           Hexes                        3
   Dazzling Spray                     Conjuration/Hexes            3
   *Enslavement                       Hexes                        4


   Skills:
 - Level 3.0 Short Blades
 - Level 2.1 Dodging
 + Level 10.5 Stealth
 - Level 2.0 Spellcasting
 * Level 12.5 Hexes
 - Level 2.0 Ice Magic


You had one spell level left.
You knew the following spells:

 Your Spells              Type           Power        Failure   Level  Hunger
a - Corona                Hex            #####..      1%          1    #......
c - Confuse               Hex            #####...     1%          3    ####...
d - Ensorcelled Hibernat  Hex/Ice        ####..       1%          2    ##.....
e - Enslavement           Hex            #####...     1%          4    #####..


Dungeon Overview and Level Annotations

Branches:
Dungeon (7/15)             Temple (1/1) D:5

Altars:
Ashenzari
Cheibriados
Dithmenos
Elyvilon
Fedhas
Gozag
Kikubaaqudgha
Makhleb
Nemelex Xobeh
Okawaru
Qazlal
Sif Muna
Trog
Vehumet
Xom
Yredelemnul
The Shining One


Innate Abilities, Weirdness & Mutations

You do not heal naturally.
You can bottle blood from corpses.
You have razor-sharp teeth.
You have supernaturally acute eyesight.
You can survive without breathing.


Message History

The orc warrior resists with significant effort.
The orc hits you from afar with a spear.
The orc closely misses you. The orc hits you with a hand axe.
The orc hits you from afar with a halberd!
The orc misses you.
Casting: Ensorcelled Hibernation
Confirm with . or Enter, or press ? or * to list all spells.
Aiming: Ensorcelled Hibernation
Press: ? - help, Shift-Dir - straight line, f/p - orc warrior
Aim: an orc warrior, wielding a hand axe The orc warrior resists with significant effort.
You kill the orc!
Kikubaaqudgha accepts your kill.
The orc warrior hits you with a hand axe!
* * * LOW HITPOINT WARNING * * *
The orc hits you from afar with a spear.
* * * LOW HITPOINT WARNING * * *
The orc hits you from afar with a trident!
You die...
Kikubaaqudgha rasps: "You have failed me!
Welcome... oblivion!"

############
##.∩........##
#........oo..#
#........ooo.#.$$
#∩......@ooo.'.$$
#........oo..#.$$
#........o...#
##.∩........##
############


You could see an orc warrior and 10 orcs.

Vanquished Creatures
  The ghost of primenumbers3 the Covered, an experienced DsFi of Trog (D:6)
  A black bear (D:5)
  2 ogres
  2 elf zombies (Ossuary)
  A gnoll sergeant (D:6)
  A giant frog (D:6)
  2 wights (D:6)
  A scorpion (D:5)
  A crimson imp (D:6)
  2 centaur zombies (Ossuary)
  A goliath beetle (D:6)
  An orc priest (D:5)
  A centaur skeleton (D:5)
  An orc wizard (D:5)
  An iguana (D:4)
  3 hounds
  5 worker ants
  A big kobold zombie (Ossuary)
  3 mummies (Ossuary)
  9 adders
  2 gnolls (D:6)
  A shadow imp (D:6)
  2 worms
  2 adder zombies (Ossuary)
  An orc zombie (D:5)
  7 giant geckos
  11 orcs
  9 giant cockroaches
  4 gnoll zombies (Ossuary)
  13 goblins
  9 hobgoblins
  7 kobolds
  6 quokkas
  14 bats
  10 giant newts
  2 goblin zombies (Ossuary)
  A hobgoblin zombie (Ossuary)
  10 jackals
  6 jackal zombies (Ossuary)
  2 kobold zombies (Ossuary)
  2 quokka zombies (Ossuary)
  19 rats
  A rat skeleton (D:5)
  7 rat zombies (Ossuary)
188 creatures vanquished.

Vanquished Creatures (collateral kills)
  A wight (D:6)
  A gnoll (D:6)
  A kobold (D:6)
3 creatures vanquished.

Grand Total: 191 creatures vanquished

Notes
Turn   | Place    | Note
--------------------------------------------------------------
     0 | D:1      | PolkaDot, the Vampire Enchanter, began the quest for the Orb.
     0 | D:1      | Reached XP level 1. HP: 13/13 MP: 3/3
   811 | D:1      | Reached XP level 2. HP: 8/19 MP: 2/4
  1175 | D:1      | Learned a level 2 spell: Ensorcelled Hibernation
  1626 | D:2      | Reached XP level 3. HP: 22/24 MP: 6/6
  1631 | D:2      | Reached skill level 1 in Ice Magic
  2264 | D:2      | Found a bloodstained altar of Trog.
  2483 | D:2      | Reached XP level 4. HP: 30/30 MP: 7/7
  2610 | D:3      | Reached skill level 5 in Hexes
  2619 | D:3      | Reached skill level 5 in Stealth
  3221 | D:3      | Reached XP level 5. HP: 35/35 MP: 9/9
  3406 | D:4      | Reached skill level 6 in Stealth
  3574 | D:4      | Noticed an ogre
  3576 | D:4      | Killed an ogre
  3615 | D:4      | Found a deep blue altar of Sif Muna.
  3615 | D:4      | Found a blossoming altar of Fedhas.
  3617 | D:4      | Reached XP level 6. HP: 41/41 MP: 10/10
  3625 | D:4      | Reached skill level 7 in Hexes
  3981 | D:5      | Entered Level 5 of the Dungeon
  3991 | D:5      | Found a sand-covered staircase.
  3999 | D:5      | Learned a level 3 spell: Confuse
  4000 | Ossuary  | Entered an ossuary
  4124 | Ossuary  | Reached skill level 8 in Hexes
  4390 | Ossuary  | Reached XP level 7. HP: 25/46 MP: 6/12
  4603 | Ossuary  | Reached skill level 9 in Hexes
  5027 | D:5      | Reached skill level 10 in Hexes
  5035 | D:5      | Found a staircase to the Ecumenical Temple.
  5041 | Temple   | Entered the Ecumenical Temple
  5221 | Temple   | Became a worshipper of Kikubaaqudgha
  5227 | Temple   | Learned a level 4 spell: Enslavement
  5272 | D:5      | Reached XP level 8. HP: 47/52 MP: 13/13
  5622 | D:6      | Noticed primenumbers3's ghost (experienced DsFi)
  5651 | D:6      | Killed primenumbers3's ghost
  5651 | D:6      | Reached skill level 11 in Hexes
  5872 | D:6      | Found a shadowy altar of Dithmenos.
  5947 | D:6      | Reached skill level 10 in Stealth
  5955 | D:6      | Reached skill level 12 in Hexes
  6373 | D:6      | Found a sparkling altar of Nemelex Xobeh.
  6444 | D:7      | Found a flagged portal.
  6452 | Bailey   | Entered a bailey
  6474 | Bailey   | Slain by an orc

Action                   |  1- 3 |  4- 6 |  7- 9 || total
-------------------------+-------+-------+-------++-------
Melee: Dagger            |   144 |   222 |   170 ||   536
 Cast: Corona            |    10 |     1 |     1 ||    12
       Ensorcelled Hiber |    11 |    16 |    37 ||    64
       Confuse           |       |     9 |    11 ||    20
       Enslavement       |       |       |     3 ||     3
  Use: Scroll            |       |    14 |     3 ||    17
       Potion            |       |     1 |     1 ||     2
 Stab: Sleeping          |    20 |    36 |    31 ||    87
       Distracted        |     1 |       |     1 ||     2
       Confused          |       |     4 |    10 ||    14
